Map: [ESL] Cosmic Sapphire

Players

LiquidElazer (Elazer)

  • Race: Zerg Zerg
  • Spawn Location: 11:00

Solar - Winner!

  • Race: Zerg Zerg
  • League: Master
  • Spawn Location: 5:00

VOD

Have the link to the VOD?

Description

Time

  • Played on: Nov. 3, 2022, 1:32 p.m.
  • Length: 6:46
Show
View Real Time Build Order
Export as new Build Order

LiquidElazer Zerg 

Build Orders: Hatch First 

Get SALT Encoding   

  12  0:00  Drone  
  13  0:12  Overlord  
  13  0:17  Drone  
  14  0:30  Drone x2  
  16  0:47  Hatchery  
  15  0:51  Drone  
  15  0:54  Drone  
  17  0:57  Drone  
  18  1:08  Extractor  
  17  1:13  Spawning Pool  
  17  1:16  Drone  
  17  1:19  Drone  
  18  1:28  Drone  
  19  1:39  Drone  
  20  1:49  Drone  
  21  1:59  Queen x2  
  21  2:01  Zergling x2, Overlord  
  26  2:09  Metabolic Boost  
  26  2:10  Drone x2  
  28  2:24  Drone x2  
  30  2:33  Hatchery  
  30  2:35  Zergling x2  
  30  2:45  Drone  
  30  2:47  Drone  
  30  2:50  Baneling Nest, Overlord  
  31  2:58  Drone x2  
  32  3:04  Overlord  
  32  3:09  Drone x3  
  35  3:13  Overlord  
  35  3:22  Queen  
  35  3:24  Zergling x6  
  40  3:30  Zergling x6  
  40  3:33  Baneling  
  43  3:35  Zergling x2  
  44  3:43  Queen  
  44  3:44  Zergling x6  
  43  3:50  Zergling x6  
  43  3:55  Baneling  
  46  3:56  Queen  
  51  4:02  Drone x3  
  50  4:11  Baneling x2  
  50  4:12  Overlord  
  50  4:14  Drone x4  
  53  4:27  Zergling x10  
  57  4:35  Zergling x4, Roach Warren  
  57  4:39  Zergling x4  
  59  4:46  Zergling x6  
  59  4:51  Overlord x2  
  59  4:52  Overlord  
  61  5:03  Spine Crawler  
  61  5:04  Baneling x2  
  59  5:14  Roach x4  
  59  5:15  Roach x4  
  75  5:21  Roach  
  75  5:26  Zergling x12  
  73  5:34  Zergling x8  
  74  5:38  Zergling x2  
  66  5:43  Queen, Roach x2  
  66  5:54  Roach  
  66  5:56  Zergling x2, Queen, Roach  
  61  6:04  Zergling x6  
  61  6:11  Zergling x4  
  65  6:17  Roach  
  60  6:23  Roach  
Show
View Real Time Build Order
Export as new Build Order

Solar Zerg - Winner!

Build Orders: Hatch First 

Get SALT Encoding   

  12  0:00  Drone  
  13  0:12  Overlord  
  13  0:17  Drone  
  14  0:30  Drone  
  14  0:31  Drone  
  16  0:48  Hatchery  
  15  0:51  Drone  
  15  0:54  Drone  
  17  0:57  Drone  
  18  1:08  Extractor  
  17  1:13  Spawning Pool  
  17  1:16  Drone  
  17  1:20  Drone  
  18  1:28  Drone  
  19  1:39  Drone  
  20  1:51  Drone  
  21  2:00  Queen x2  
  21  2:01  Zergling x2, Overlord  
  26  2:09  Metabolic Boost  
  26  2:12  Zergling x2  
  26  2:13  Drone  
  28  2:21  Drone  
  28  2:22  Drone  
  30  2:33  Hatchery  
  30  2:36  Drone  
  30  2:38  Drone  
  30  2:43  Overlord  
  31  2:45  Zergling x2  
  31  3:02  Zergling x4  
  33  3:07  Zergling x6  
  33  3:08  Zergling x10  
  41  3:16  Overlord  
  41  3:21  Roach Warren  
  41  3:26  Drone  
  42  3:27  Drone  
  42  3:33  Drone  
  43  3:37  Drone  
  44  3:41  Drone  
  41  3:55  Queen  
  41  3:59  Overlord  
  43  4:03  Roach x6  
  54  4:10  Roach  
  54  4:11  Overlord  
  56  4:18  Roach  
  56  4:20  Zergling x4  
  56  4:21  Zergling x4  
  62  4:25  Zergling x2  
  62  4:30  Overlord  
  62  4:31  Roach  
  61  4:41  Roach  
  61  4:44  Zergling x14  
  69  4:52  Zergling x2  
  70  4:57  Overlord  
  70  4:58  Zergling x2  
  71  5:01  Zergling x2  
  71  5:06  Zergling x2  
  71  5:07  Zergling x2  
  74  5:12  Zergling x6  
  76  5:14  Overlord  
  76  5:21  Zergling x2  
  75  5:25  Ravager  
  75  5:26  Zergling x2  
  75  5:27  Zergling x8  
  74  5:33  Zergling x8  
  77  5:35  Queen  
  77  5:40  Zergling x2  
  76  5:46  Zergling x10  
  78  5:53  Zergling x6  
  73  5:59  Zergling x6  
  72  6:05  Zergling x4  
  72  6:06  Ravager  
  72  6:09  Zergling x6  
  77  6:14  Zergling x4  
  76  6:20  Ravager  
  76  6:22  Zergling x2  
  76  6:23  Zergling x2  
Tags
 
Add a new tag
Caveats
  • Supply blocks, unpowered buildings, or Contaminate may cause inaccurate times.
  • Supply counts are checked every 10 seconds.